 Dungeon Crawl Stone Soup version 0.18-a0-1157-g59db91b (webtiles) character file.

1646 st0uf the Covert (level 8, -4/54 HPs)
             Began as an Octopode Assassin on Jan 23, 2016.
             Was an Initiate of Okawaru.
             Slain by a centaur (6 damage)
             ... on level 7 of the Dungeon.
             The game lasted 00:26:26 (5223 turns).

st0uf the Covert (Octopode Assassin)                Turns: 5223, Time: 00:26:26

Health: -4/54      AC:  1    Str: 10    XL:     8   Next: 99%
Magic:  17/17      EV: 15    Int: 13    God:    Okawaru [......]
Gold:   235        SH:  0    Dex: 16    Spells: 0 memorised, 7 levels left

rFire  . . .     SeeInvis .     a - +2 dagger
rCold  . . .     Gourm    .     (no shield)
rNeg   . . .     Faith    .     (helmet restricted)
rPois  .         Spirit   .     (no amulet)
rElec  .         Dismiss  .     q - ring of magical power
rCorr  .         Reflect  .     (no ring)
SustAt .         Harm     .     (no ring)
MR     .....                    (no ring)
Stlth  ++++++....               (no ring)
                                (no ring)
                                (no ring)
                                (no ring)

@: drained, not resistant to hostile enchantments, very stealthy
A: almost no armour, amphibious, 8 rings, constrict 8, camouflage 1, gelatinous
body 1
a: Renounce Religion


You were on level 7 of the Dungeon.
You worshipped Okawaru.
Okawaru was noncommittal.
You were hungry.

You visited 2 branches of the dungeon, and saw 8 of its levels.
You also visited: Sewer.

You collected 235 gold pieces.

Inventory:

Hand Weapons
 a - a +2 dagger (weapon)
 b - a +0 blowgun
 k - a +0 hunting sling
 s - the +3 whip of Ascent {freeze, rElec rPois Int+2 Dex-2}
   (You found it on level 5 of the Dungeon)

   It has been specially enchanted to freeze those struck by it, causing extra
   injury to most foes and up to half again as much damage against particularly
   susceptible opponents.
   It can also slow down cold-blooded creatures.
   It affects your intelligence (+2).
   It affects your dexterity (-2).
   It insulates you from electricity.
   It protects you from poison.
Missiles
 c - 48 poisoned needles
 d - 2 curare-tipped needles
 j - 80 stones (quivered)
Jewellery
 q - a ring of magical power (left tentacle)
Wands
 u - a wand of frost (39/48)
Scrolls
 h - a scroll of enchant armour {unknown}
 i - 3 scrolls of remove curse
 l - 3 scrolls of blinking {unknown}
 m - 5 scrolls of identify {unknown}
 n - 4 scrolls of teleportation {unknown}
 x - 4 scrolls of fear {unknown}
 y - 2 scrolls of magic mapping {unknown}
Potions
 e - a potion of cancellation {unknown}
 v - 7 potions of curing
 z - 2 potions of flight {unknown}
Books
 g - Sif Muna's Almanac of Companions
   (You found it on level 3 of the Dungeon)

   Spells                             Type                      Level
   a - Summon Butterflies             Summoning                    1
Comestibles
 f - 5 bread rations
 o - 2 meat rations
 p - 3 beef jerkies
 r - 22 fruits
 t - 4 slices of pizza
 w - 7 chunks of flesh


   Skills:
 + Level 4.3(3.4) Fighting
 + Level 3.4(2.6) Short Blades
 + Level 3.2(2.3) Throwing
 + Level 5.6(4.7) Dodging
 + Level 11.9(10.9) Stealth


You had 7 spell levels left.
You didn't know any spells.

Dungeon Overview and Level Annotations

Branches:
Dungeon (7/15)             Temple (1/1) D:7

Altars:
Ashenzari
Fedhas
Gozag
Makhleb
Nemelex Xobeh
Okawaru
Ru
Sif Muna
Xom
Yredelemnul
Zin
The Shining One


Innate Abilities, Weirdness & Mutations

You cannot wear most types of armour.
You are amphibious.
You can wear up to eight rings at the same time.
You can use your tentacles to constrict eight enemies at once.
Your skin changes colour to match your surroundings (Stealth).
Your rubbery body absorbs attacks (AC +1).


Message History

The centaur misses you.
You barely miss the centaur.
The centaur is severely wounded.
The centaur hits you.
* * * LOW HITPOINT WARNING * * *
The centaur hits you.
* * * LOW HITPOINT WARNING * * *
You hit the centaur.
The centaur is severely wounded.
The centaur misses you.
You closely miss the centaur.
The centaur is severely wounded.
The centaur hits you.
* * * LOW HITPOINT WARNING * * *
You hit the centaur. You squeeze the centaur.
The centaur is almost dead.
The centaur hits you.
* * * LOW HITPOINT WARNING * * *
The centaur hits you.
You die...

......≈≈≈........'.
.....≈§§§≈.......#S
....§§≈≈≈§≈###...#
....§§§>§§§# ####
....≈≈§§§§§#
.....≈§§§≈.######
......≈§§.(.....#
...........(....#############
..###.......@...#....).....).
. #.......c................
#....................##.#
#....................##..
#.............#.......'..
#.............#.##'#.##..
....##.###......'....#.##..
...# ##. ####..(##.###.##..
.... [ #...##.........


You could see a centaur.

Vanquished Creatures
  Eustachio (D:6)
  A water moccasin (D:7)
  A sky beast (D:6)
  An ogre (D:7)
  A big kobold (Sewer)
  A giant frog (D:6)
  Blork the orc (D:6)
  A gnoll sergeant (D:5)
  3 wights (D:7)
  2 crimson imps (D:6)
  2 giant frog zombies (D:5)
  2 hounds
  A jelly (D:7)
  3 orc wizards
  A giant frog skeleton (D:7)
  2 centaur skeletons
  3 iguanas
  3 worker ants
  A hound zombie (D:7)
  3 hound skeletons (D:5)
  7 adders
  6 river rats
  An ooze (Sewer)
  An adder skeleton (D:7)
  3 worms
  3 giant geckos
  11 orcs
  6 giant cockroaches
  3 goblins
  10 hobgoblins
  3 jackals (D:1)
  A quokka (D:6)
  2 ball pythons (Sewer)
  4 bats
  3 giant newts
  A jackal skeleton (D:6)
  13 kobolds
  36 rats
148 creatures vanquished.

Notes
Turn   | Place    | Note
--------------------------------------------------------------
     0 | D:1      | st0uf the Octopode Assassin began the quest for the Orb.
     0 | D:1      | Reached XP level 1. HP: 14/14 MP: 1/1
   296 | D:1      | Reached XP level 2. HP: 16/19 MP: 2/2
   392 | D:1      | Reached skill level 6 in Stealth
   925 | D:1      | Reached XP level 3. HP: 21/24 MP: 3/3
  1252 | D:3      | Found a deep blue altar of Sif Muna.
  1262 | D:3      | Reached skill level 7 in Stealth
  1262 | D:3      | Reached XP level 4. HP: 29/29 MP: 4/4
  1265 | D:3      | Identified Sif Muna's Almanac of Companions
  1481 | D:4      | Reached XP level 5. HP: 8/35 MP: 5/5
  1773 | D:5      | Entered Level 5 of the Dungeon
  1790 | D:5      | Reached skill level 8 in Stealth
  1796 | D:5      | Got a fine whip
  1928 | D:5      | Reached XP level 6. HP: 17/41 MP: 6/6
  2448 | D:5      | Reached skill level 9 in Stealth
  2723 | D:5      | Identified the cursed +3 whip of Ascent {freeze, rElec rPois Int+2 Dex-2} (You found it on level 5 of the Dungeon)
  2778 | D:5      | Reached XP level 7. HP: 42/46 MP: 7/7
  3391 | D:6      | Noticed Eustachio
  3412 | D:6      | Killed Eustachio
  3412 | D:6      | Reached skill level 10 in Stealth
  3448 | D:6      | Noticed Blork the orc
  3451 | D:6      | Killed Blork the orc
  3451 | D:6      | Reached XP level 8. HP: 24/54 MP: 8/8
  3609 | D:6      | Found a glowing drain.
  3613 | Sewer    | Entered a sewer
  3979 | D:6      | Found an opulent altar of Gozag.
  4215 | D:7      | Reached skill level 11 in Stealth
  4219 | D:7      | Reached skill level 5 in Dodging
  4768 | D:7      | Found a sacrificial altar of Ru.
  5017 | D:7      | Found a staircase to the Ecumenical Temple.
  5031 | D:7      | Found a burning altar of Makhleb.
  5159 | Temple   | Entered the Ecumenical Temple
  5198 | Temple   | Became a worshipper of Warmaster Okawaru
  5222 | D:7      | HP: 2/54 [centaur (6)]
  5223 | D:7      | Slain by a centaur

Vault maps used:
D:1:      saegor_arrival_simple_c
D:2:      lemuel_round_altar, tgw_trog, grunt_dithmenos_smoke_and_mirrors,
          bloody_makhleb, uniq_crazy_yiuf_cottage, uniq_terence
D:3:      vehumet_altar_wand_db, led_sif_book
D:4:      first_bread
D:5:      lemuel_ratsnest, minmay_misc_feat_plants, dk_vineyard_3
D:6:      gup_sewer_entry_bowl, grunt_gozag_breadcrumbs, uniq_blork_the_orc,
          uniq_eustachio
D:7:      overflow_temple_1_default, grunt_pakellas_basics,
          nicolae_ru_awakened_eye, minmay_temple_entry_mist, grunt_ogre_cave,
          st_stairs_13, kennysheep_generic_room_16
Temple:   dpeg_three_leaves_temple_9
Sewer:    sewer_co_15_rooms

Action                   |  1- 3 |  4- 6 |  7- 9 || total
-------------------------+-------+-------+-------++-------
Melee: Dagger            |    65 |    97 |   182 ||   344
       Whip              |       |     7 |     8 ||    15
 Fire: Blowgun           |       |     3 |    18 ||    21
  Use: Scroll            |       |       |     1 ||     1
 Stab: Sleeping          |     9 |    13 |    17 ||    39
       Distracted        |       |     1 |     2 ||     3
  Eat: Chunk             |     1 |     5 |     7 ||    13
